[Event "Early-Titled-Tuesday-Blitz-August-29-2023"]
[Site "Chess.com"]
[Date "2023.08.29"]
[Round "5"]
[White "aghasiyevkamal"]
[Black "XDPS"]
[Result "0-1"]
[WhiteElo "2496"]
[BlackElo "2844"]
[TimeControl "180+1"]
[EndTime "8:54:49 PDT"]
[Termination "XDPS won on time"]

1. d4 Nf6 2. c4 g6 3. f3 Bg7 4. e4 d6 5. Nc3 O-O 6. Be3 a6 7. Qd2 Nc6 8. Nge2 Rb8 9. d5 Ne5 10. Ng3 c5 11. Be2 b5 12. cxb5 axb5 13. Nxb5 Bd7 14. a4 h5 15. O-O h4 16. Nh1 Qb6 17.
Nf2 Bxb5 18. axb5 Ra8 19. b4 Ned7 20. Rab1 Ra3 21. Nd3 Rfa8 22. bxc5 dxc5 23. Rfc1 Ra2 24. Qd1 h3 25. g3 e6 26. dxe6 fxe6 27. Nxc5 Bf8 28.
Nxd7 Qxe3+ 29. Kh1 Nxd7 30. Qxd7 Rxe2 31. Qxe6+ Kh8 32. Qxh3+ Bh6 33. Rf1 Raa2 34. b6 Qd2 35.
Qc8+ Kh7 0-1

[Event "Early-Titled-Tuesday-Blitz-August-29-2023"]
[Site "Chess.com"]
[Date "2023.08.29"]
[Round "5"]
[White "Brave_spirit12"]
[Black "wonderfultime"]
[Result "1/2-1/2"]
[WhiteElo "2837"]
[BlackElo "2964"]
[TimeControl "180+1"]
[EndTime "8:54:51 PDT"]
[Termination "Game drawn by repetition"]

1. e4 c5 2. c3 Nf6 3. e5 Nd5 4. d4 cxd4 5. cxd4 Nc6 6. Nf3 d6 7. Nc3 dxe5 8. Nxe5 Nxc3 9. bxc3 Nxe5 10. dxe5 Qxd1+ 11. Kxd1 Bd7 12. Kc2 e6 13. Be3 a6 14. Kb3 Bc6 15. f3 Be7 16. a4 O-O 17. Bc4 Rfd8 18.
Rhd1 Rxd1 19. Rxd1 Rc8 20. a5 Kf8 21. Bb6 Ke8 22.
Bd3 h6 23. c4 Bd8 24. c5 Bxb6 25. axb6 Rd8 26. Be2 Rxd1 27. Bxd1 Kd7 28. Kb4 Bb5 29.
Bc2 Bc6 30. Bd3 Ke7 31. Ka5 Kd7 32. Kb4 f6 33. exf6 gxf6 34. Bc2 f5 35. Bd3 Bd5 36. Bc2 Bc6 37. Bd3 f4 38. Bc2 e5 39.
Bf5+ Ke7 40. Ka5 Bd5 41. Kb4 Bc6 42. Ka5 Bd5 43. Kb4 Bc6 1/2-1/2

[Event "Early-Titled-Tuesday-Blitz-August-29-2023"]
[Site "Chess.com"]
[Date "2023.08.29"]
[Round "5"]
[White "GalaxyRoman"]
[Black "topin8"]
[Result "1-0"]
[WhiteElo "2716"]
[BlackElo "2472"]
[TimeControl "180+1"]
[EndTime "8:54:51 PDT"]
[Termination "GalaxyRoman won on time"]

1. e4 c5 2. Nc3 Nc6 3. f4 g6 4. Nf3 Bg7 5. Bb5 d6 6. Bxc6+ bxc6 7. O-O e6 8. d3 Ne7 9. Qe1 O-O 10. Bd2 Rb8 11. b3 h6 12. Kh1 f5 13. Rd1 Qe8 14.
Na4 Ba6 15. e5 Qd8 16. exd6 Qxd6 17. Be3 Bd4 18. Bxd4 cxd4 19. Qe5 Rbd8 20. Rfe1 Bc8 21. Nc5 Qxe5 22. Rxe5 Rd5 23. Rde1 Rxe5 24. Rxe5 Nd5 25. g3 Nb4 26. Nxd4 Nxa2 27. Nxc6 Kf7 28. Nxa7 Nb4 29.
c3 Nd5 30. c4 Nc7 31. Kg1 Rd8 32. Kf2 Bd7 33. Ke3 Be8 34. Nb7 Ra8 35. Nd6+ Ke7 36.
Nxe8 1-0

[Event "Early-Titled-Tuesday-Blitz-August-29-2023"]
[Site "Chess.com"]
[Date "2023.08.29"]
[Round "5"]
[White "Galileo22"]
[Black "Fandorine"]
[Result "0-1"]
[WhiteElo "2687"]
[BlackElo "2948"]
[TimeControl "180+1"]
[EndTime "8:54:52 PDT"]
[Termination "Fandorine won by resignation"]

1. d4 Nf6 2. Bf4 d6 3. Nc3 Nbd7 4. Nf3 c5 5. d5 Qa5 6. a4 Nb6 7. Bd2 Nc4 8. e3 Nxd2 9. Bb5+ Nd7 10. Nxd2 g6 11.
Ra3 Bg7 12. Nc4 Qc7 13. a5 O-O 14. O-O Rb8 15. Qd3 Ne5 16. Nxe5 Bxe5 17. b3 Bg7 18. a6 b6 19. Bc6 Bxc3 20. Qxc3 Bd7 21. Bxd7 Qxd7 22. Qd3 b5 23. Ra5 Rfc8 24. Rfa1 c4 25.
Qd4 Rb6 26. b4 c3 27. R1a3 Rc4 28. Qd1 Qc8 29. Rb3 Rxa6 30. Rxb5 Ra2 31. Ra5 Rb2 32.
Raa3 Rxb4 33. Rxb4 Rxb4 34. h3 Qc5 35. Qd3 Rb1+ 36.
Kh2 Qxa3 0-1

[Event "Early-Titled-Tuesday-Blitz-August-29-2023"]
[Site "Chess.com"]
[Date "2023.08.29"]
[Round "5"]
[White "blitzo_vich"]
[Black "Jojo_898"]
[Result "1-0"]
[WhiteElo "2608"]
[BlackElo "2432"]
[TimeControl "180+1"]
[EndTime "8:54:52 PDT"]
[Termination "blitzo_vich won by resignation"]

1. Nf3 Nf6 2. c4 e6 3. g3 d5 4. Bg2 c6 5. O-O Be7 6. Qc2 O-O 7. b3 Nbd7 8. Bb2 b6 9. d3 Bb7 10. Nbd2 Rc8 11. e4 dxe4 12. Nxe4 Nxe4 13. dxe4 c5 14. Rad1 Qc7 15. Rfe1 Bc6 16. h4 Qb7 17. h5 h6 18.
Nh2 Bf6 19. Bc1 Bd4 20. Ng4 f5 21.
Nh2 fxe4 22. Ng4 e3 23. fxe3 Be5 24. Rxd7 Qxd7 25. Nxe5 Qd6 26. Nxc6 Qxg3 27. Ne7+ Kh8 28. Ng6+ Kg8 29. Qe2 Rf5 30. e4 Rf7 31. Rf1 Rcf8 32.
Nxf8 1-0

[Event "Early-Titled-Tuesday-Blitz-August-29-2023"]
[Site "Chess.com"]
[Date "2023.08.29"]
[Round "5"]
[White "HamedWafa4"]
[Black "gm_rashid"]
[Result "1-0"]
[WhiteElo "2551"]
[BlackElo "2379"]
[TimeControl "180+1"]
[EndTime "8:54:52 PDT"]
[Termination "HamedWafa4 won on time"]

1. e4 e6 2. d4 d5 3. e5 c5 4. c3 Nc6 5. Nf3 Bd7 6. Be2 Rc8 7. O-O f6 8. c4 cxd4 9. cxd5 Nxe5 10. dxe6 Bxe6 11. Nxd4 Rxc1 12. Bb5+ Kf7 13. Qxc1 Qxd4 14. Nc3 Bc5 15. Ne2 Qb4 16. Nc3 Ne7 17. a3 Qg4 18. h3 Qg3 19. Kh1 Qh4 20. Ne2 Bb6 21. Nf4 Rc8 22. Qd2 Bc4 23. Rfc1 Bxb5 24. Rxc8 Nxc8 25.
Qd5+ Kf8 26. Ne6+ Ke7 27. Qxb5 Kxe6 28. Qe8+ Ne7 29. Rd1 1-0

[Event "Early-Titled-Tuesday-Blitz-August-29-2023"]
[Site "Chess.com"]
[Date "2023.08.29"]
[Round "5"]
[White "biostatistician"]
[Black "TanitoluwaAps116"]
[Result "0-1"]
[WhiteElo "2578"]
[BlackElo "2767"]
[TimeControl "180+1"]
[EndTime "8:54:54 PDT"]
[Termination "TanitoluwaAps116 won by resignation"]

1. d4 Nf6 2. Nf3 e6 3. c4 b6 4. Nc3 Bb7 5. Bg5 Be7 6. e3 O-O 7. Bd3 d5 8. O-O dxc4 9. Bxc4 Nbd7 10. Qe2 h6 11. Bf4 c5 12. Rfd1 cxd4 13. Nxd4 e5 14.
Ne6 fxe6 15. Bxe6+ Kh8 16. Bxe5 Nxe5 17. Rxd8 Rfxd8 18. f4 Nd3 19. Rd1 Nc5 20. Bc4 Nce4 21. Nxe4 Bxe4 22.
h3 Bc5 23. Kf2 Bc6 24. Bf7 Rxd1 25. Qxd1 Rf8 26. Bg6 Nd5 27. Kg3 Nxe3 28. Qh5 Nf1+ 29. Kg4 Bd6 30. f5 Ne3+ 31. Kh4 Nxg2+ 32. Kg4 Nf4 33.
Qh4 Nxg6 34. Qe1 Ne5+ 35. Kh4 Nf3+ 36. Kg4 Nxe1 0-1

[Event "Early-Titled-Tuesday-Blitz-August-29-2023"]
[Site "Chess.com"]
[Date "2023.08.29"]
[Round "5"]
[White "Kostya0705"]
[Black "Kopytkin"]
[Result "1-0"]
[WhiteElo "2643"]
[BlackElo "2360"]
[TimeControl "180+1"]
[EndTime "8:54:54 PDT"]
[Termination "Kostya0705 won on time"]

1. e4 Nf6 2. e5 Nd5 3. d4 d6 4. c4 Nb6 5. exd6 cxd6 6. Nc3 g6 7. Bd3 Bg7 8. Nge2 O-O 9. O-O Nc6 10. Be3 d5 11. c5 Nc4 12. Bxc4 dxc4 13. Qd2 Bf5 14.
d5 Nb4 15. Bd4 Bd3 16. Bxg7 Kxg7 17. Rfd1 Rc8 18. Nf4 Rxc5 19. Na4 Rb5 20. Qc3+ Kg8 21. b3 Nxd5 22. Qe5 Nxf4 23. Qxb5 e5 24. Qxe5 Ne2+ 25.
Kh1 Re8 26. Qb5 Qh4 27. Qxe8+ Kg7 28. Nc5 Qxf2 29. Qe5+ f6 30. Qe7+ Kh6 31. Nxd3 cxd3 32.
Rxd3 Nf4 33. Rg3 f5 34. Re1 Nd3 35. Rh3+ 1-0

[Event "Early-Titled-Tuesday-Blitz-August-29-2023"]
[Site "Chess.com"]
[Date "2023.08.29"]
[Round "5"]
[White "kidagent"]
[Black "ajedrezhoy"]
[Result "0-1"]
[WhiteElo "2275"]
[BlackElo "2436"]
[TimeControl "180+1"]
[EndTime "8:54:54 PDT"]
[Termination "ajedrezhoy won by checkmate"]

1. e4 Nf6 2. Nc3 d5 3. e5 Nfd7 4. e6 fxe6 5. d4 c5 6. Nf3 g6 7. Bb5 Nc6 8. O-O Bg7 9. dxc5 O-O 10. Be3 Nde5 11. Nd4 a6 12. Ba4 Bd7 13. Re1 Nc4 14.
Bxc6 bxc6 15. Na4 e5 16. Nf3 Bg4 17. b3 Nxe3 18. Rxe3 e4 19. c3 exf3 20. gxf3 Bf5 21. Qe2 e5 22. Nb6 Qg5+ 23. Kh1 Rae8 24. Rg1 Qf4 25.
Qxa6 Qh4 26. Qe2 Bh6 27. Rg2 Bh3 28. Rg3 Bxe3 29. fxe3 g5 30. Qf2 e4 31. f4 h6 32.
Nd7 Rf7 33. Ne5 Rxe5 34. Rxg5+ hxg5 35. Qxh4 gxh4 36. fxe5 Rf1# 0-1

[Event "Early-Titled-Tuesday-Blitz-August-29-2023"]
[Site "Chess.com"]
[Date "2023.08.29"]
[Round "5"]
[White "Nbk90"]
[Black "IngOscarArdila"]
[Result "0-1"]
[WhiteElo "2105"]
[BlackElo "2311"]
[TimeControl "180+1"]
[EndTime "8:54:55 PDT"]
[Termination "IngOscarArdila won on time"]

1. Nf3 Nf6 2. c4 e6 3. g3 Be7 4. Bg2 O-O 5. O-O d5 6. d4 c6 7. Qc2 Nbd7 8. Nbd2 Re8 9. Rd1 Nf8 10. e4 dxe4 11. Nxe4 Nxe4 12. Qxe4 Nd7 13. Qe2 Nf6 14. b3 Qc7 15. Bf4 Qa5 16. h3 Qh5 17. g4 Qa5 18. a3 h5 19. g5 Nh7 20. h4 Nf8 21. Ne5 Ng6 22. Bg3 Nxe5 23. Bxe5 g6 24. b4 Qd8 25. Rd3 Bd6 26. Bf6 Qc7 27. Be4 b6 28. Bf3 Ba6 29. Rc1 Bf4 30. Rc2 e5 31. d5 cxd5 32.
cxd5 Bxd3 33. Qxd3 Qd7 34. d6 Rac8 35. Be4 Rxc2 36. Qxc2 Qxd6 37. Bxg6 e4 38. Bxe4 Qe6 39. Bh7+ Kf8 40. Kg2 Qg4+ 41. Kf1 Qh3+ 0-1

[Event "Early-Titled-Tuesday-Blitz-August-29-2023"]
[Site "Chess.com"]
[Date "2023.08.29"]
[Round "5"]
[White "CheckThis4"]
[Black "Lady_Nika"]
[Result "0-1"]
[WhiteElo "2661"]
[BlackElo "2475"]
[TimeControl "180+1"]
[EndTime "8:54:56 PDT"]
[Termination "Lady_Nika won by resignation"]

1. e4 c5 2. Nf3 Nc6 3. Bb5 e6 4.
Bxc6 bxc6 5. O-O d5 6. d3 Ne7 7. Nbd2 Ng6 8. b3 a5 9. Bb2 Ba6 10. Re1 d4 11. Nc4 Bxc4 12. bxc4 e5 13. Rb1 Bd6 14. g3 O-O 15. h4 Ne7 16. Bc1 Qd7 17. Qe2 Rfb8 18. Bd2 a4 19. a3 h6 20. Kg2 Nc8 21.
h5 Qa7 22. Nh4 Rxb1 23. Rxb1 Ne7 24. Qg4 Kh8 25. Nf5 Nxf5 26. Qxf5 Kg8 27. g4 Rb8 28. Rxb8+ Qxb8 29. g5 hxg5 30. Bxg5 Qe8 31. h6 gxh6 32.
Bxh6 Qe6 33. Qxe6 fxe6 34. Kh3 Kf7 35. Kg4 Kf6 36. Bd2 Kg6 37. Ba5 Be7 38. Bb6 Kf6 39. Bc7 Bf8 40. Kh5 Be7 41. Kh6 Bf8+ 42. Kh7 Be7 43. Kg8 Kg6 44. Bxe5 Bh4 45. f3 Be1 46. Bd6 Bb4 47. axb4 a3 48. Bxc5 e5 49. b5 a2 50.
b6 a1=Q 51. b7 Qb2 0-1

[Event "Early-Titled-Tuesday-Blitz-August-29-2023"]
[Site "Chess.com"]
[Date "2023.08.29"]
[Round "5"]
[White "Frolyanov_D"]
[Black "MrAnnihilation"]
[Result "1-0"]
[WhiteElo "2608"]
[BlackElo "2433"]
[TimeControl "180+1"]
[EndTime "8:54:56 PDT"]
[Termination "Frolyanov_D won by resignation"]

1. d4 Nf6 2. c4 e6 3. Nf3 Bb4+ 4. Nbd2 b6 5. e3 Bb7 6. Bd3 O-O 7. O-O Bxd2 8.
Nxd2 d6 9. Qc2 Nbd7 10. b3 c5 11. Bb2 Rc8 12. Rad1 cxd4 13. exd4 d5 14. Qb1 Nh5 15.
Bxh7+ Kh8 16. Bd3 Nf4 17. Nf3 dxc4 18. Be4 Nd5 19. bxc4 Rxc4 20. Qd3 Ra4 21. Ne5 N7f6 22. Bc1 Kg8 23. Bg5 Ba6 24. Qh3 Bxf1 25. Bh7+ Nxh7 26. Bxd8 Bxg2 27. Qxg2 Rxd8 28. Rc1 Rxa2 29. Qf3 Nhf6 30. Kh1 b5 31. Rg1 Ne7 32. Qxf6 Nf5 33. Qxd8+ 1-0

[Event "Early-Titled-Tuesday-Blitz-August-29-2023"]
[Site "Chess.com"]
[Date "2023.08.29"]
[Round "5"]
[White "AlexanderL"]
[Black "Rud_Makarian"]
[Result "1/2-1/2"]
[WhiteElo "2845"]
[BlackElo "3020"]
[TimeControl "180+1"]
[EndTime "8:54:58 PDT"]
[Termination "Game drawn by repetition"]

1. Nf3 Nf6 2. c4 e6 3. Nc3 d5 4. e3 b6 5. b3 Bb7 6. Bb2 Nbd7 7. cxd5 exd5 8. Rc1 a6 9. Ne2 Bd6 10. Ned4 g6 11.
Nc6 Bxc6 12. Rxc6 O-O 13. Rc1 c5 14. Be2 b5 15. O-O Qe7 16. Qc2 Rfe8 17. Rfd1 Rac8 18. Bf1 Ne5 19. Nxe5 Bxe5 20. Bxe5 Qxe5 21. d4 cxd4 22. Qxc8 Rxc8 23. Rxc8+ Kg7 24. Rxd4 h5 25. Rc2 Ng4 26. g3 Nxe3 27. Rcd2 Ng4 28. Rxd5 Qe1 29. Re2 Qc1 30. h3 Nf6 31. Rd3 h4 32. g4 Nh7 33. Ree3 Ng5 34. Re2 Ne6 35. Rd7 Nf4 36. Re3 Qb1 37. Ra7 Qxa2 38.
Bxb5 Qa1+ 39. Bf1 a5 40. b4 Qd4 41. Ree7 axb4 42. Rxf7+ Kh6 43. Rh7+ Kg5 44. Ra5+ Kf6 45. Ra6+ Kg5 46. Ra5+ Kf6 47. Ra6+ Kg5 48. Ra5+ 1/2-1/2

[Event "Early-Titled-Tuesday-Blitz-August-29-2023"]
[Site "Chess.com"]
[Date "2023.08.29"]
[Round "5"]
[White "wqws"]
[Black "Murad_Ibrahimli"]
[Result "1-0"]
[WhiteElo "2663"]
[BlackElo "2877"]
[TimeControl "180+1"]
[EndTime "8:54:58 PDT"]
[Termination "wqws won by resignation"]

1. e4 g6 2. d4 Bg7 3. Nc3 d6 4. Be3 a6 5. Qd2 b5 6. O-O-O Bb7 7. f3 Nd7 8. h4 h6 9. Kb1 Rc8 10. h5 g5 11. Nce2 c5 12. Ng3 e6 13. d5 Be5 14.
f4 gxf4 15. Bxf4 c4 16. dxe6 fxe6 17. Nf3 Qe7 18. Nh4 c3 19. Qe3 Bxf4 20. Qxf4 Rh7 21.
Ng6 Qf6 22. Qxd6 cxb2 23. Bd3 Rc6 24. Qb4 Qc3 25. Qxb2 Qxb2+ 26. Kxb2 Ngf6 27. e5 Ng4 28. Rde1 Rf7 29. Be4 Rc7 30. Bxb7 Rxb7 31. Ne4 Rc7 32. Nd6+ Kd8 33. Nxf7+ Kc8 34. Nd6+ Kb8 35. Rhf1 Nb6 36. Rf8+ Ka7 37. Rf7 Na4+ 38. Kc1 Rxf7 39. Nxf7 1-0

[Event "Early-Titled-Tuesday-Blitz-August-29-2023"]
[Site "Chess.com"]
[Date "2023.08.29"]
[Round "5"]
[White "CSB7"]
[Black "GeorgiosSouleidis"]
[Result "1-0"]
[WhiteElo "2704"]
[BlackElo "2560"]
[TimeControl "180+1"]
[EndTime "8:54:58 PDT"]
[Termination "CSB7 won on time"]

1. d4 Nf6 2. c4 g6 3. Nc3 Bg7 4. e4 d6 5. Nf3 O-O 6. Be2 e5 7. d5 a5 8. Bg5 h6 9. Be3 Ng4 10.
Bd2 f5 11. h3 Nf6 12. exf5 gxf5 13. Qc1 Kh7 14. g4 e4 15. Nd4 f4 16. Bxf4 Nh5 17. Be3 Nf4 18. Bxf4 Bxd4 19. Nxe4 Bxb2 20. Qxb2 Rxf4 21.
Bd3 Kg8 22. O-O-O Na6 23. g5 Nb4 24. gxh6 Nxd3+ 25. Rxd3 Qf8 26. Rg1+ Kh7 27. Rdg3 Bf5 28. Nf6+ Kxh6 29. Ng8+ Kh7 30. Rg7+ 1-0

[Event "Early-Titled-Tuesday-Blitz-August-29-2023"]
[Site "Chess.com"]
[Date "2023.08.29"]
[Round "5"]
[White "nitpicker"]
[Black "Carlitus2004"]
[Result "1/2-1/2"]
[WhiteElo "2304"]
[BlackElo "2514"]
[TimeControl "180+1"]
[EndTime "8:54:59 PDT"]
[Termination "Game drawn by repetition"]

1. d4 d5 2. c4 e6 3. Nf3 a6 4.
cxd5 exd5 5. Bf4 c6 6. e3 Bd6 7. Bg3 Ne7 8. Nc3 O-O 9. Bd3 Bf5 10. Qc2 Bxd3 11. Qxd3 Qc7 12. O-O Bxg3 13. hxg3 Nd7 14. b4 Nc8 15. a4 Nd6 16. Rfc1 Nb6 17. Nd2 Nbc4 18. Nxc4 Nxc4 19. e4 Qd6 20. exd5 cxd5 21. Nxd5 Qxd5 22. Qxc4 Rfd8 23. Qxd5 Rxd5 24. Rc4 Rad8 25.
Rac1 Kf8 26. Rd1 g5 27. f3 Ke7 28. Rc7+ R8d7 29. Rxd7+ Rxd7 30. Kf2 Kd6 31. Ke3 Kd5 32. Rc1 b6 33. b5 axb5 34. axb5 Ra7 35. Rc6 Ra3+ 36.
Kf2 Ra2+ 37. Kg1 Kxd4 38. Rxb6 Rb2 39. Rb7 f6 40. Rxh7 Rxb5 41. Kh2 Ke5 42. Kh3 Kf5 43. Re7 Rb1 44. g4+ Kg6 45. Kg3 Rb2 46. Rd7 Ra2 47. Rb7 Rc2 48. Re7 Ra2 49. Rd7 Ra4 50.
Rc7 Ra3 51. Rd7 Ra8 52. Rc7 Rd8 53. Re7 Rf8 54. Rc7 Rg8 55. Re7 Rh8 56. Rc7 Rb8 57. Rd7 Ra8 58. Rc7 Rd8 59. Rb7 Rc8 60. Rd7 Rc3 61. Rb7 Ra3 62. Rc7 Ra2 63. Rb7 Ra3 64. Rc7 Ra2 65. Rb7 1/2-1/2

[Event "Early-Titled-Tuesday-Blitz-August-29-2023"]
[Site "Chess.com"]
[Date "2023.08.29"]
[Round "5"]
[White "Miguelitro69"]
[Black "Kotofeyca"]
[Result "1-0"]
[WhiteElo "2303"]
[BlackElo "2423"]
[TimeControl "180+1"]
[EndTime "8:54:59 PDT"]
[Termination "Miguelitro69 won on time"]

1. e4 c5 2. Nf3 d6 3. d4 cxd4 4. Nxd4 Nf6 5. Nc3 a6 6. Bc4 e6 7. Be3 Be7 8. Qe2 O-O 9. O-O-O Qc7 10. Bb3 b5 11. f3 b4 12. Na4 Bd7 13. Kb1 Qa5 14.
Nb6 Qxb6 15. Nxe6 Qb7 16. Nxf8 Bxf8 17. g4 Be6 18. g5 Nfd7 19. f4 Qxe4 20. Rhe1 Nc6 21.
Qf2 Qf5 22. Qg2 Rc8 23. Ba4 Na5 24. Bxd7 Bxd7 25. Rd5 Qe4 26. Qxe4 Nc4 27. Rd4 Be6 28.
f5 d5 29. Qg4 Bd7 30. Rxd5 Bb5 31. g6 hxg6 32. fxg6 Rc7 33. Rd8 fxg6 34. Qe6+ Rf7 35. Rf1 Na3+ 36. bxa3 Bxf1 37. Bc5 Kh7 38. Rxf8 1-0

[Event "Early-Titled-Tuesday-Blitz-August-29-2023"]
[Site "Chess.com"]
[Date "2023.08.29"]
[Round "5"]
[White "kinga2008"]
[Black "Henryk_S"]
[Result "1-0"]
[WhiteElo "2400"]
[BlackElo "2132"]
[TimeControl "180+1"]
[EndTime "8:54:59 PDT"]
[Termination "kinga2008 won on time"]

1. e4 e6 2. Nf3 d5 3. exd5 exd5 4. d4 Nc6 5. Bd3 Bd6 6. O-O Bg4 7. Be3 Nge7 8. Nbd2 Qd7 9. c4 dxc4 10. Nxc4 O-O 11. h3 Bf5 12. Be2 h6 13. Qd2 Bb4 14. Qc1 Be4 15. Nfe5 Qd5 16. Bxh6 gxh6 17. Qxh6 Nxd4 18. Bh5 Qe6 19. Qg5+ Bg6 20. Nxg6 Nxg6 21. f4 Qf5 22. Bxg6 fxg6 23. Qh4 Kg7 24. Rad1 Rad8 25. Ne3 Ne2+ 26. Kh2 Qe4 27. Rxd8 Rxd8 28. Ng4 Nxf4 29. Qf6+ 1-0

[Event "Early-Titled-Tuesday-Blitz-August-29-2023"]
[Site "Chess.com"]
[Date "2023.08.29"]
[Round "5"]
[White "lamomiajunior"]
[Black "Mesa_1"]
[Result "1-0"]
[WhiteElo "2807"]
[BlackElo "2579"]
[TimeControl "180+1"]
[EndTime "8:55:00 PDT"]
[Termination "lamomiajunior won by resignation"]

1. d4 Nf6 2. Nc3 d6 3. e4 Nc6 4.
Nf3 g6 5. Be3 Bg7 6. Qd2 O-O 7.
Bh6 a6 8. h4 Bg4 9. Bxg7 Kxg7 10. Be2 Bxf3 11. Bxf3 e5 12. Ne2 d5 13. exd5 e4 14.
dxc6 exf3 15. gxf3 bxc6 16. O-O-O Qd5 17. Kb1 Qxf3 18.
Ng3 h5 19. Rhg1 Rfe8 20. Qg5 Re6 21. Nf5+ Kg8 22. Nh6+ Kg7 23. Nxf7 Ne4 24. Qh6+ Kxf7 25. Qh7+ Ke8 26. Qg8+ Ke7 27. Qxa8 c5 28. Qa7 Nxf2 29. Qxc7+ Kf6 30. Rdf1 cxd4 31. Qd8+ Kf7 32. Qd7+ Re7 33. Qxd4 Re2 34. Qd7+ Kf6 35. Qd6+ Re6 36. Qd4+ Ke7 37.
Qxf2 1-0

[Event "Early-Titled-Tuesday-Blitz-August-29-2023"]
[Site "Chess.com"]
[Date "2023.08.29"]
[Round "5"]
[White "Witik"]
[Black "Orest_Vovk"]
[Result "1-0"]
[WhiteElo "2791"]
[BlackElo "2546"]
[TimeControl "180+1"]
[EndTime "8:55:02 PDT"]
[Termination "Witik won on time"]

1. d4 g6 2. e4 Nf6 3. Nc3 d5 4. e5 Ne4 5. Nce2 h6 6. h4 c5 7. f3 Qa5+ 8. c3 cxd4 9. fxe4 dxc3 10. Nxc3 dxe4 11. Qd5 Qb6 12. Qb5+ Nc6 13. Nd5 Qd8 14. Bf4 a6 15. Qb3 Be6 16. O-O-O Bg7 17. Nf6+ exf6 18. Rxd8+ Rxd8 19. Qxb7 Nxe5 20. Bxe5 fxe5 21. Bxa6 O-O 22. Ne2 Bxa2 23. Nc3 Be6 24. h5 e3 25. hxg6 fxg6 26.
Qe4 Bf5 27. Qxe3 e4 28. Rxh6 Bxh6 29. Qxh6 Rd4 30. g4 Bc8 31. Qxg6+ Kh8 32. Bxc8 e3 33.
Qh6+ 1-0

[Event "Early-Titled-Tuesday-Blitz-August-29-2023"]
[Site "Chess.com"]
[Date "2023.08.29"]
[Round "5"]
[White "Fh2411"]
[Black "Quattroporte300"]
[Result "1-0"]
[WhiteElo "2656"]
[BlackElo "2440"]
[TimeControl "180+1"]
[EndTime "8:55:02 PDT"]
[Termination "Fh2411 won by checkmate"]

1. d4 d5 2. Nf3 Nf6 3. Bf4 g6 4. e3 Bg7 5. h3 c5 6. c3 Nc6 7. Nbd2 O-O 8. dxc5 a5 9. a4 Re8 10.
Bb5 Bd7 11. Bh2 Rc8 12. Nb3 e6 13. O-O Na7 14. Qe2 Ne4 15. Bxd7 Qxd7 16. Nxa5 Rxc5 17.
Nb3 Rc4 18. a5 Qb5 19. Nfd4 Qa6 20. f3 Nd6 21. Nd2 Bxd4 22. exd4 Rc6 23. Qe3 Nac8 24.
g4 Ne7 25. Qh6 Rec8 26. Be5 Ne8 27. Rf2 f6 28. Bg3 b6 29. Nb3 bxa5 30. Rxa5 Qb6 31.
Ra3 R6c7 32. Bxc7 Qxc7 33. Kg2 Rb8 34. Nc5 Qc6 35. b4 Rb6 36. Ra7 Nc8 37. Qxh7+ Kf8 38. Qf7# 1-0

[Event "Early-Titled-Tuesday-Blitz-August-29-2023"]
[Site "Chess.com"]
[Date "2023.08.29"]
[Round "5"]
[White "valemava"]
[Black "ChainedDowntohell"]
[Result "0-1"]
[WhiteElo "2323"]
[BlackElo "2536"]
[TimeControl "180+1"]
[EndTime "8:55:02 PDT"]
[Termination "ChainedDowntohell won by checkmate"]

1. Nf3 b6 2. c4 Bb7 3. b3 c5 4.
Bb2 Nf6 5. d3 e6 6. Nbd2 d5 7.
g3 Be7 8. cxd5 Qxd5 9. Bg2 O-O 10. O-O Na6 11. Ne4 Nxe4 12. dxe4 Qxd1 13. Rfxd1 Bxe4 14. Rd7 Bf6 15. Ne5 Bxg2 16. Kxg2 Nb4 17. a3 Nd5 18. e4 Ne7 19. Rad1 Bxe5 20. Bxe5 Nc6 21. Bc7 Rac8 22. f4 Rfe8 23. a4 Re7 24.
e5 Rxd7 25. Rxd7 Kf8 26. Bd6+ Ke8 27. Rb7 h6 28. h4 h5 29. Kh3 g6 30. g4 hxg4+ 31.
Kxg4 Rd8 32. Kg5 Rd7 33. Rc7 Rxc7 34. Bxc7 Nd4 35. Bb8 Nxb3 36. Bxa7 c4 37. Bxb6 c3 38. Be3 c2 39. a5 Nxa5 40. h5 gxh5 41. f5 Nb3 42.
fxe6 fxe6 43. Kf6 Kd7 44. Kg5 Kc6 45. Kf6 Kd5 46. Kg5 c1=Q 47. Bxc1 Nxc1 48. Kxh5 Nd3 49. Kg4 Nxe5+ 50. Kf4 Nc4 51. Kf3 e5 52. Ke2 e4 53.
Kf2 e3+ 54. Ke2 Kd4 55. Ke1 Kd3 56. Kd1 e2+ 57. Ke1 Ne5 58. Kf2 Kd2 59. Kg3 e1=Q+ 60. Kf4 Nd3+ 61. Kf3 Qe3+ 62. Kg4 Qf4+ 63. Kh3 Qg5 64.
Kh2 Nf4 65. Kh1 Qg2# 0-1

[Event "Early-Titled-Tuesday-Blitz-August-29-2023"]
[Site "Chess.com"]
[Date "2023.08.29"]
[Round "5"]
[White "guillembaches"]
[Black "GasconJR"]
[Result "0-1"]
[WhiteElo "2440"]
[BlackElo "2671"]
[TimeControl "180+1"]
[EndTime "8:55:03 PDT"]
[Termination "GasconJR won on time"]

1. e4 e5 2. Nf3 Nc6 3. Nc3 Nf6 4. d4 exd4 5. Nxd4 d6 6. Bb5 Bd7 7. Bxc6 bxc6 8. Qf3 g6 9. h3 Bg7 10. Be3 O-O 11. O-O Re8 12. Rfe1 Qb8 13. Rab1 Qb7 14. Bg5 Nh5 15. Nf5 gxf5 16. Qxh5 Re6 17. exf5 Rxe1+ 18. Rxe1 Bxf5 19. Bc1 Bxc2 20. Re7 Bg6 21. Qe2 Qc8 22. h4 h5 23. Ne4 Qg4 24. f3 Qxh4 25. Nf2 Bf6 26.
Re8+ Rxe8 27. Qxe8+ Kg7 28. Qc8 Bd4 0-1

[Event "Early-Titled-Tuesday-Blitz-August-29-2023"]
[Site "Chess.com"]
[Date "2023.08.29"]
[Round "5"]
[White "realburq"]
[Black "Fraler15"]
[Result "0-1"]
[WhiteElo "2412"]
[BlackElo "2254"]
[TimeControl "180+1"]
[EndTime "8:55:03 PDT"]
[Termination "Fraler15 won by checkmate"]

1. e4 c5 2. Nc3 Nc6 3. Bc4 e6 4. a3 Nf6 5. Ba2 d5 6. exd5 exd5 7. d3 d4 8. Ne4 Bf5 9. Ng3 Bg6 10. Nf3 Bd6 11. O-O O-O 12. Re1 h6 13. Nh4 Bh7 14.
Nhf5 Bc7 15. Nxh6+ gxh6 16. Bxh6 Re8 17. Qd2 Ne5 18. Qg5+ Ng6 19. Rxe8+ Nxe8 20. Qxc5 Bxg3 21.
hxg3 Rc8 22. Qf5 Nd6 23. Qf3 Rxc2 24. Re1 Rxb2 25. Bd5 Rc2 26. g4 Nh4 27. Qh3 Bg6 28. g5 Nhf5 29. g3 Qc8 30. Qg2 Rc1 31. Be4 Rxe1+ 32.
Kh2 Nxe4 33. dxe4 Nxh6 34. gxh6 Kh7 35. e5 Qf5 36. Qxb7 Qh5+ 37. Kg2 Qh1# 0-1

[Event "Early-Titled-Tuesday-Blitz-August-29-2023"]
[Site "Chess.com"]
[Date "2023.08.29"]
[Round "5"]
[White "GroovyKettle"]
[Black "Oleksandr_Bortnyk"]
[Result "0-1"]
[WhiteElo "2902"]
[BlackElo "3033"]
[TimeControl "180+1"]
[EndTime "8:55:04 PDT"]
[Termination "Oleksandr_Bortnyk won by checkmate"]

1. e4 Nf6 2. e5 Nd5 3. d4 d6 4. Nf3 dxe5 5. Nxe5 c6 6. Be2 Bf5 7. O-O Nd7 8. Nf3 e6 9. c4 N5f6 10. Nc3 Bd6 11. Nh4 Bg6 12. g3 O-O 13. Be3 e5 14.
Nxg6 hxg6 15. Bf3 exd4 16. Bxd4 Ne5 17. Be2 Re8 18. Qb3 Qc7 19. Rad1 Ned7 20. Bf3 Bc5 21.
Bxc5 Nxc5 22. Qa3 Re5 23. b4 Ne6 24. b5 c5 25. Nd5 Nxd5 26. Bxd5 Nd4 27. b6 Qxb6 28. Rb1 Qd6 29. Bxb7 Rb8 30. Qxa7 Re7 31. Qa6 Qxa6 32. Bxa6 Ra8 33. Bb7 Rxa2 34. Bd5 Kh7 35. Rb8 Ne2+ 36. Kg2 Nc3 37. Bf3 Rc2 38. Rc8 Re5 39. Ra1 g5 40. Ra5 g4 41. Bxg4 Ne4 42. h4 Nxf2 43. Bf3 f5 44. Rcxc5 Ng4+ 45. Kf1 Nh2+ 46.
Kg1 Re1# 0-1

[Event "Early-Titled-Tuesday-Blitz-August-29-2023"]
[Site "Chess.com"]
[Date "2023.08.29"]
[Round "5"]
[White "ErikRonka"]
[Black "VladimirKramnik"]
[Result "0-1"]
[WhiteElo "2500"]
[BlackElo "2943"]
[TimeControl "180+1"]
[EndTime "8:55:05 PDT"]
[Termination "VladimirKramnik won by resignation"]

1. e4 c5 2. Nf3 d6 3. d4 cxd4 4. Nxd4 Nf6 5. Nc3 Nc6 6. Bg5 Bd7 7. Qd2 a6 8. O-O-O e6 9. f4 Be7 10. Nf3 b5 11. Bxf6 gxf6 12. f5 Qb6 13. g3 O-O-O 14.
fxe6 fxe6 15. Bh3 Kb8 16. Kb1 Rc8 17. Nd5 exd5 18. Bxd7 dxe4 19. Bxc8 Rxc8 20. Nd4 Ne5 21. Nf5 Bf8 22. Qd5 e3 23. Rhe1 Nc4 24. Qd4 Qxd4 25. Rxd4 Nd2+ 26. Kc1 Nf3 27. Re2 Nxd4 28. Nxd4 Re8 29.
Nf5 d5 30. c3 Bc5 31. Kc2 Re5 32. g4 h5 33. h3 hxg4 34. hxg4 Re4 35. Kd3 Rxg4 36. b4 Bb6 37. Nd4 Bxd4 38. cxd4 Re4 39. Rxe3 Rxe3+ 40. Kxe3 Kc7 41. Kf4 Kd6 42. Kf5 Ke7 43.
a3 Kf7 44. Kf4 Kg6 45. Kg4 f5+ 46. Kf4 Kf6 47. Kf3 Kg5 48. Kg3 f4+ 49. Kf3 Kf5 0-1